 Dungeon Crawl Stone Soup version 0.31.0-11-ge490571c62 (webtiles) character file.

Game seed: 12821274755831537873

33 qw the Shooter (level 3, -6/20 HPs)
             Began as a Deep Elf Hunter on Feb 5, 2024.
             Mangled by a gnoll
             ... wielding a +0 club
              (8 damage)
             ... on level 2 of the Dungeon.
             The game lasted 00:00:40 (687 turns).

qw the Shooter (Deep Elf Hunter)                     Turns: 687, Time: 00:00:41

Health: -6/20      AC:  4    Str: 10    XL:     3   Next: 12%
Magic:  5/5        EV: 12    Int: 13    God:
Gold:   45         SH:  0    Dex: 18    Spells: 2/2 levels left

rFire   . . .        a - +0 shortbow
rCold   . . .        (shield currently unavailable)
rNeg    . . .        c - +0 leather armour
rPois   .            (no helmet)
rElec   .            (no cloak)
rCorr   .            g - +0 pair of gloves
SInv    .            (no boots)
Will    .....        (no amulet)
Stlth   ++           (no ring)
HPRegen 0.23/turn    (no ring)
MPRegen 0.09/turn

%: no passive effects
@: about to teleport
A: no striking features
a: no special abilities


You were on level 2 of the Dungeon.
You visited 1 branch of the dungeon, and saw 2 of its levels.

You collected 45 gold pieces.


   Skills:
 - Level 1.5 Fighting
 + Level 6.7 Ranged Weapons
 - Level 2.4 Dodging
 - Level 1.2 Stealth


You had 2 spell levels left.
You didn't know any spells.
Your spell library was empty.

Inventory:

Hand Weapons
 a - a +0 shortbow (weapon)
Armour
 c - a +0 leather armour (worn)
 g - a +0 pair of gloves (worn)
Scrolls
 b - a scroll of enchant armour {unknown}
 d - a scroll of vulnerability {unknown}
Potions
 e - 2 potions of mutation

Dungeon Overview and Level Annotations

Branches:
Dungeon (2/15)

Altars:


Message History

You shoot an arrow. The arrow barely misses the gnoll.
The arrow hits the gnoll.
The gnoll is lightly wounded.
You shoot an arrow. The arrow hits the gnoll.
The gnoll is moderately wounded.
A gnoll comes into view. It is wielding a +0 spear.
676 ||| RETREEEEATING.
The gnoll attacks as it pursues you! The gnoll closely misses you.
You shoot an arrow. The arrow hits the gnoll.
The gnoll is severely wounded.
A kobold comes into view. It is wielding a +0 short sword.
The gnoll barely misses you.
You shoot an arrow. The arrow closely misses the gnoll.
The kobold shouts!
You hear an angry hiss.
You hear a shout!
The gnoll closely misses you.
679 ||| RETREEEEATING.
You shoot an arrow.
The arrow hits the gnoll but does no damage.
The gnoll barely misses you. The gnoll closely misses you.
You shoot an arrow. The arrow barely misses the gnoll.
The gnoll hits you with a +0 club.
The gnoll hits you from afar with a +0 spear.
You shoot an arrow. The arrow completely misses the gnoll.
The gnoll hits you from afar with a +0 spear.
The gnoll completely misses you.
You shoot an arrow. The arrow completely misses the gnoll.
The gnoll barely misses you. x2
You shoot an arrow. The arrow closely misses the gnoll.
The gnoll hits you but does no damage. The gnoll hits you with a +0 club.
The gnoll barely misses you. The gnoll closely misses you.
You shoot an arrow. The arrow barely misses the gnoll.
The gnoll hits you from afar with a +0 spear.
The gnoll barely misses you.
686 ||| READING scroll of teleportation.
As you read the scroll of teleportation, it crumbles to dust.
You feel strangely unstable. The gnoll barely misses you.
The gnoll hits you with a +0 club.
You shoot an arrow. The arrow closely misses the gnoll.
The gnoll barely misses you. The gnoll hits you with a +0 club!
You die...

......######...## #.###.#
....(.# ##.## #.# #.#
.....)##### ### #.# #.#
##........# #.# #..
##.#####.# #.# #. #.# #.#
#.#####.######### #.#
#............##.###.#
#########.####.#@#.##.#####..
#.........# #.g###..........
#<######### #.g.#....#######.
#.# ###.)##.......... #.#
#..############ #.# #..# #.#
#..# #.# ...# #.. #.#S#


You could see 2 gnolls.

Vanquished Creatures
  A dart slug (D:1)
  2 bats
  2 endoplasms (D:1)
  7 goblins
  2 jackals (D:1)
  6 kobolds
  3 quokkas
  2 frilled lizards
  A rat (D:1)
26 creatures vanquished.

Notes
Turn   | Place    | Note
-------+----------+-------------------------------------------
     0 | D:1      | qw the Deep Elf Hunter began the quest for the Orb.
     0 | D:1      | Reached XP level 1. HP: 12/12 MP: 3/3
     0 | D:1      | 0 ||| qw: Version: 0.3-a-160-g6735b56
     0 | D:1      | 0 ||| qw: Game counter: 6319
     0 | D:1      | 0 ||| qw: Melee chars always use a shield: true
     0 | D:1      | 0 ||| qw: God list: Okawaru
     0 | D:1      | 0 ||| qw: Allow faded altars: false
     0 | D:1      | 0 ||| qw: Do Orc after clearing Dungeon:15 true
     0 | D:1      | 0 ||| qw: Do second Lair branch before Depths: true
     0 | D:1      | 0 ||| qw: Lair rune preference: random
     0 | D:1      | 0 ||| qw: Goals: Normal
     0 | D:1      | 0 ||| PLANNING D:1-11
   101 | D:1      | Found a faded altar of an unknown god.
   108 | D:1      | Reached skill level 6 in Ranged Weapons
   108 | D:1      | Reached XP level 2. HP: 16/16 MP: 4/4
   530 | D:1      | 530 ||| UPGRADING to +0 pair of gloves.
   535 | D:1      | 535 ||| READING 3 scrolls labelled INEPNA COKKE.
   535 | D:1      | 535 ||| IDENTIFYING bubbling orange potion
   536 | D:1      | 536 ||| READING 2 scrolls of identify.
   536 | D:1      | 536 ||| IDENTIFYING 2 coppery potions
   537 | D:1      | 537 ||| READING scroll of identify.
   537 | D:1      | 537 ||| IDENTIFYING scroll labelled MOCIWK ISTROSA
   538 | D:1      | 538 ||| DROPPING scroll of butterflies.
   539 | D:1      | 539 ||| DROPPING potion of degeneration.
   595 | D:2      | Reached XP level 3. HP: 20/20 MP: 5/5
   673 | D:2      | 673 ||| RETREEEEATING.
   676 | D:2      | 676 ||| RETREEEEATING.
   679 | D:2      | 679 ||| RETREEEEATING.
   685 | D:2      | HP: 4/20 [gnoll/+0 spear (5)]
   686 | D:2      | 686 ||| READING scroll of teleportation.
   687 | D:2      | Mangled by a gnoll

Levels and vault maps discovered:
D:1:      dpeg_arrival_rooms_c, layout_loops_ring,
          shapermc_ecumenical_altar_starsandcircs
D:2:      layout_loops_ring, minmay_goblin_kobold_house

Skill      XL: |  1 |
---------------+----+-----
Ranged Weapons | 6 |  6.7
Fighting       | |  1.5
Dodging        | |  2.4
Stealth        | |  1.2

Action                     || total
---------------------------++-------
   Fire: Shortbow          ||    64
    Use: Scroll            ||     4
 Armour: Leather armour    ||    15
  Dodge: Dodged            ||    16

Table legend:
 A = Non-vault XP
 B = Vault XP
 C = Vault XP percentage of total XP
 D = Non-vault monster count
 E = Vault monster count
 F = Vault count percentage of total count
                 A         B        C        D         E       F
            +---------+---------+-------+---------+---------+-------
      Total |      48 |       0 |   0.0 |      26 |       0 |   0.0
            +---------+---------+-------+---------+---------+-------
        D:1 |      40 |       0 |   0.0 |      21 |       0 |   0.0
        D:2 |       8 |       0 |   0.0 |       5 |       0 |   0.0
            +---------+---------+-------+---------+---------+-------
